Workbook

Sheet Sheet1
B1: SABC CT M1 STUDIO WHEELCHAIR RAMP
B2: WORKS DISCRIPTION, QUANTITIES AND SPECIFICATIONS REVISION A | F2: =TODAY() -> 44498
B3: *Demolition works is listed as per specific item
B4: *Quantities don’t include wastage
B5: *Quantities may vary
B6: *All listed items to be supplied and installed
A8: 1 | B8: PRELIMINARIES | C8: QTY | D8: UNIT | E8: ESTIMATE PRICE EX VAT | F8: TOTAL EX VAT
A9: 1.1 | B9: Works insurance as per client specification | C9: 1 | D9: qty
A10: 1.2 | B10: Health and safety (including safety officer) to comply with Act | C10: =C9 -> 1 | D10: qty
A11: 1.3 | B11: Project administration (transport, meetings, accommodation etc.) | C11: 1 | D11: qty
A12: 1.4 | B12: Rubble removal & hoarding around bin location (parking) | C12: 1 | D12: m2
A13: 1.5 | B13: Contractual Expenses (JBCC) | C13: 1 | D13: qty
A14: 1.6 | B14: Fulltime site supervision and management | C14: 1 | D14: qty
A15: 1.7 | B15: Clean and make site good prior to occupation | C15: 1 | D15: qty
A16: 1.8 | B16: Contingency - Note no contract cost variation - allow contingency for unforeseen costs
A17: 1.9 | B17: Storage to be provided by client
E18: TOTAL | G18: ex vat
A21: 2 | B21: DEMOLITION & WETWORKS -REFER TO "Demolition plan" & "SECTION A-A" | C21: QTY | D21: UNIT | E21: ESTIMATE PRICE EX VAT | F21: TOTAL EX VAT
B22: Demolition: Remove existing seats, create door opening, remove existing stage stairs
A24: 2.1 | B24: Temporary dust lobbies. Guarantee no dust in theatre and passage | C24: 2 | D24: qty
A25: 2.2 | B25: Remove existing seats as per drawing. Make floor good where seats removed. Seats to be wrapped with plastic sheets during storage. Existing carpets to be protected during construction | C25: 12 | D25: qty
A26: 2.3 | B26: Cover existing theatre acoustic walls near works area | C26: 8 | D26: m2
A27: 2.4 | B27: Cut new door opening as per drawings. Cut to extend through 2 brick walls, and acoustic build-up | C27: 2 | D27: m2
A28: 2.5 | B28: Repair theatre acoustic build-up at returns | C28: 3 | D28: m2
A29: 2.6 | B29: Install lintels over openings | C29: 2 | D29: qty
A30: 2.7 | B30: Plaster openings, and paint to match existing | C30: 1 | D30: qty
A31: 2.8 | B31: Remove floor sound diffusers | C31: 3 | D31: qty
A32: 2.9 | B32: 85mm lintel slab to bridge void. Smooth top surface | C32: 1 | D32: m2
E33: TOTAL | G33: ex vat
A36: 3 | B36: OPENING VOID SEAL -REFER TO "Door seal detail 1:5" & "SECTION A-A" | C36: QTY | D36: UNIT | E36: ESTIMATE PRICE EX VAT | F36: TOTAL EX VAT
A38: 3.1 | B38: 63mm Drywall stud structure to wrap around door opening (inside cavity). 10mm rubber strips where structure meets exiting. 15mm fire rated gypsum board on one face. All joins to be patched with drywall mesh tape and gypsum plaster | C38: 3.5 | D38: sqm
A39: 3.2 | B39: Acoustic paneling to wrap around opening (inside void). 50mm MDF (16mm with chamfered edges) frame. Frame front to receive perforated Masonite (underneath fabric). Panel to be covered with acoustic fabric. 50mm mineral wool insulation (50kg/m3) | C39: 3.5 | D39: m2
A40: 3.3 | B40: MDF architrave as per detail. MDF to be primed with 2 coats pink timber primer, sanded, and 3 coats matt water based enamel. | C40: 8 | D40: lm
E41: TOTAL | G41: ex vat
A44: 4 | B44: DOOR | C44: QTY | D44: UNIT | E44: ESTIMATE PRICE EX VAT | F44: TOTAL EX VAT
A46: 4.1 | B46: Acoustic door: 1000mm width. Class D (120min) Fire Door. 52 db rating. Paraplegic accessories. Formica. | C46: 1 | D46: qty
A47: 4.2 | B47: Adequate acoustic sealing | C47: 1 | D47: qty
E48: TOTAL | G48: ex vat
B51: CEILINGS REFER TO - "Section C-C" | C51: QTY | D51: UNIT | E51: ESTIMATE PRICE EX VAT | F51: TOTAL EX VAT
A53: 5.1 | B53: Repaint existing passage ceiling tiles matt black. 3 coats washable PVA | C53: 10 | D53: m2
E54: TOTAL | G54: ex vat
B57: FLOOR BUILD UP - REFER TO "TYPICAL RAISED FLOOR DETAIL" | C57: QTY | D57: UNIT | E57: ESTIMATE PRICE EX VAT | F57: TOTAL EX VAT
A59: 6.1 | B59: Carpet edging and transition strips | C59: 10 | D59: lm
A60: 6.2 | B60: 3mm (anti static lining) glued to the floor boards | C60: 10 | D60: m2 | F60: =E60*C60 -> 0
A61: 6.3 | B61: Pressure sensitive glue for underlay | C61: 10 | D61: m2 | F61: =E61*C61 -> 0
A62: 6.4 | B62: Carpet tiles to match existing | C62: 10 | D62: m2 | F62: =E62*C62 -> 0
A63: 6.5 | B63: High performance carpet glue for carpet tiles | C63: 10 | D63: m2 | F63: =E63*C63 -> 0
A64: 6.6 | B64: Make good carpets where seats and sound diffusers removed. | C64: 3 | D64: m2 | F64: =E64*C64 -> 0
A65: 6.7 | B65: 16mm marine ply on 5mm rubber strips fixed to steel joists. 50mm mineral wool insulation (50kg/m3) in floor cavity. 6mm marine ply to cover underside of floor void fixed to steel joist. | C65: 10 | D65: m2 | F65: =E65*C65 -> 0
E66: TOTAL | G66: ex vat
B69: ACCOUSTIC PANELS - REFER TO "GROUNDFLOOR 1:50" & "Acoustic panel" & "Section C-C" & "Section A-A" | C69: QTY | D69: UNIT | E69: ESTIMATE PRICE EX VAT | F69: TOTAL EX VAT
A71: 9.1 | B71: 50mm MDF (16mm with chamfered edges) frame. Frame front to receive perforated Masonite (underneath fabric). Panel to be covered with acoustic fabric. 50mm mineral wool insulation (50kg/m3). Fixed to walls. Aluminum corner protectors at exposed edges | C71: 45 | D71: m2
A72: 9.2 | B72: Acoustic fins "63mm Drywall stud structure. 15mm fire rated gypsum board on both faces and return. All joins to be patched with drywall mesh tape and gypsum plaster | C72: 5 | D72: m2
E73: TOTAL | G73: ex vat
B76: SIGNAGE - REFER TO "EVACUATION AND FIRE 1:100" | C76: QTY | D76: UNIT | E76: ESTIMATE PRICE EX VAT | F76: TOTAL EX VAT
A78: 10.1 | B78: Escape signage to comply with SANS | C78: 3
E79: TOTAL | G79: ex vat
B82: NEW LIGHTING | C82: QTY | D82: UNIT | E82: ESTIMATE PRICE EX VAT | F82: TOTAL EX VAT
A85: 13.1 | B85: leds strip in housing | C85: 6 | D85: lm | F85: =E85*C85 -> 0
A86: 13.2 | B86: mdf as per detail painted with 2 coats primer, sanded and 3 coats washable PVA. | C86: 6 | D86: lm | F86: =E86*C86 -> 0
A87: 13.3 | B87: Light switch | C87: 1 | D87: qty | F87: =E87*C87 -> 0
A88: 13.4 | B88: Wiring and installation by electrician | C88: 1 | D88: qty | F88: =E88*C88 -> 0
A89: 13.5 | B89: Electrical COC | C89: 1 | D89: qty | F89: =E89*C89 -> 0
E90: TOTAL | G90: ex vat
B92: STEELWORK "GROUNDFLOOR 1:50" & "Acoustic panel" & "Section 1" & "Section D-D" & "Detail 1" | C92: QTY | D92: UNIT | E92: ESTIMATE PRICE EX VAT | F92: TOTAL EX VAT
A95: 9.1 | B95: Steel plinth to detail. Including framing, joists, support legs, baseplates, stairs. Allow for fixing to existing floor. | C95: 10 | D95: m2 | F95: =E95*C95 -> 0
A96: 9.2 | B96: mdf gig to architect approval | C96: 10 | D96: m2 | F96: =E96*C96 -> 0
A97: 9.3 | B97: Steel railing as per detail. 1 sliding opening, 1 double leaf hinge opening. Allow for sliding gear, hinger gear, floor locking pin. And latch for hinge gate. | C97: 4 | D97: lm | F97: =E97*C97 -> 0
A98: 9.4 | B98: Existing removed chairs to be refurbished with the loose standing support legs as per detail "Auditorium char 1:10". Stability to be approved by engineer | C98: 4 | D98: qty | F98: =E98*C98 -> 0
B99: Steel elements to be manufactured Off-site and bolted together onsite. NO ONSITE WELDING.
B100: All steel fabrication drawings to be approved by engineer
B101: Steel to receive 3 coats steel primer, 3 coats matt water based enamel
E102: TOTAL | G102: ex vat

Sheet Sheet2
A1: SABC MAPHIKENG BROADCASTING STUDIOS REFURBISHMENT
A2: ESTIMATE SUMMERY REVISION A | C2: =TODAY() -> 44498
A3: *Demolition works is listed as per specific item
A4: *Quantities don’t include wastage
A5: *Quantities may vary
A6: *All listed items to be supplied and installed
A10: =Sheet1!B8 -> PRELIMINARIES | B10: =Sheet1!F18 -> 0
A11: =Sheet1!B21 -> DEMOLITION & WETWORKS -REFER TO "Demolition plan" & "SECTION A-A" | B11: =Sheet1!F33 -> 0
A12: =Sheet1!B36 -> OPENING VOID SEAL -REFER TO "Door seal detail 1:5" & "SECTION A-A" | B12: =Sheet1!F41 -> 0
A13: =Sheet1!B44 -> DOOR | B13: =Sheet1!F48 -> 0
A14: =Sheet1!B51 -> CEILINGS REFER TO - "Section C-C" | B14: =Sheet1!F55 -> 0
A15: =Sheet1!B57 -> FLOOR BUILD UP - REFER TO "TYPICAL RAISED FLOOR DETAIL" | B15: =Sheet1!F66 -> 0
A16: =Sheet1!#REF! -> #REF! | B16: =Sheet1!#REF! -> #REF!
A17: =Sheet1!#REF! -> #REF! | B17: =Sheet1!#REF! -> #REF!
A18: =Sheet1!B69 -> ACCOUSTIC PANELS - REFER TO "GROUNDFLOOR 1:50" & "Acoustic panel" & "Section C-C" & "Section A-A" | B18: =Sheet1!F74 -> 0
A19: =Sheet1!B76 -> SIGNAGE - REFER TO "EVACUATION AND FIRE 1:100" | B19: =Sheet1!#REF! -> #REF!
A20: =Sheet1!#REF! -> #REF! | B20: =Sheet1!#REF! -> #REF!
A21: LIGHTING | B21: =Sheet1!F91 -> 0
A22: =Sheet1!#REF! -> #REF! | B22: =Sheet1!#REF! -> #REF!
A23: CONTINGENCY | B23: =SUM(B11:B22)*0.15 -> #REF!
A25: TOTAL EX VAT | B25: =SUM(B10:B23) -> #REF!
